 Dungeon Crawl Stone Soup version 0.31-a0-986-g5e6e4ef867 (webtiles) character file.

Game seed: 10290186002847199980

112 Jeffwins the Changeling (level 4, 21/54 HPs)
             Began as a Draconian Shapeshifter on Nov 24, 2023.
             Quit the game on level 2 of the Dungeon.
             The game lasted 00:01:31 (811 turns).

Jeffwins the Changeling (Draconian Shapeshifter)     Turns: 811, Time: 00:01:31

Health: 21/54      AC: 22    Str: 16    XL:     4   Next: 63%
Magic:  1/4        EV:  2    Int: 12    God:
Gold:   60         SH:  0    Dex: 11    Spells: 3/3 levels left

rFire   . .          .
                       - Unarmed
rCold   . . .        (no shield)
rNeg    . . .        (body armour unavailable)
rPois   +            (helmet currently unavailable)
rElec   .            (cloak currently unavailable)
rCorr   .            (gloves currently unavailable)
SInv    .            (boots currently unavailable)
Will    .....        G - amulet of guardian spirit
Stlth   ++           E - +5 ring of evasion
HPRegen 0.29/turn    (no ring)
MPRegen 0.09/turn

%: guardian spirit
@: tree-form (expiring)
A: stationary, stasis, torment immunity, boosted hp, AC +5, unfitting armour,
(cold-blooded), inhibited regeneration, devolution 1
a: no special abilities


You were on level 2 of the Dungeon.
You were a tree.
You visited 1 branch of the dungeon, and saw 2 of its levels.

You collected 60 gold pieces.


Innate Abilities, Weirdness & Mutations

You are a tree.
Your roots penetrate the ground, keeping you stationary.
You cannot be teleported.
You are immune to unholy pain and torment.
Your maximum health is greatly increased.
Your equipment is partially melded.
((Your plain brown scales are hard. (AC +5)))
You cannot fit into any form of body armour.
((You are cold-blooded and may be slowed by cold attacks.))
You do not regenerate when monsters are visible.
You have hidden genetic defects.


   Skills:
 + Level 2.2 Fighting
 + Level 2.4 Dodging
 + Level 1.3 Stealth
 + Level 3.4 Unarmed Combat
 * Level 3.8 Shapeshifting


You had 3 spell levels left.
You didn't know any spells.
Your spell library contained the following spells:

 Spells                   Type           Power      Damage    Failure   Level
 Ensorcelled Hibernation  Hex/Ice        0%         N/A       45%         2
 Passwall                 Tmut/Erth      0%         N/A       45%         2
 Swiftness                Air            0%         N/A       69%         3

Inventory:

Jewellery
 E - a +5 ring of evasion (left branch)
 G - an amulet of guardian spirit (around neck)
Talismans
 b - a beast talisman
 c - a flux talisman
Scrolls
 d - a scroll of teleportation {unknown}
 e - a scroll of identify {unknown}
 g - a scroll of blinking {unknown}
 j - a scroll of revelation {unknown}
 k - a scroll of poison {unknown}
Potions
 f - 4 potions of curing {unknown}

Dungeon Overview and Level Annotations

Branches:
Dungeon (2/15)

Altars:

~.~~~♣....#
P.~♣♣.....#
♣♣.....# ♣~.....#
♣♣.....# ♣.....#
♣~....######
♣~)).......#
♣)♣).......#
♣~))†.......#
~.P~..>..........
≈~.~............##
.........#####....
~~........ .###
P~~~...... .
~~~~.......


There were no monsters in sight!


Message History

You kill the kobold!
The jackal completely misses you.
Unknown command.
You barely miss the goblin. The jackal completely misses you.
The goblin hits you but does no damage.
The jackal bites you but does no damage.
Unknown command.
You hit the goblin.
You kill the goblin!
The jackal bites you but does no damage.
Unknown command.
You barely miss the jackal.
The jackal bites you but does no damage.
You hit the jackal.
The jackal is almost dead.
Your transformation is almost over.
The jackal bites you.
* * * LOW HITPOINT WARNING * * *
The jackal bites you but does no damage.
You barely miss the jackal.
The jackal is almost dead.
The jackal bites you but does no damage.
You smack the jackal!
You kill the jackal!
You cannot move.
You cannot move.
You cannot move.
Unknown command.
Unknown command.
Are you sure you want to abandon this character and quit the game? (Confirm with "yes".)

Skill      XL: |  1  2  3 |
---------------+----------+-----
Dodging        | 2 |  2.4
Stealth        | 1 |  1.3
Fighting       | 2 |  2.2
Unarmed Combat | |  3.4
Shapeshifting  | |  3.8

Action                     |  1- 3 |  4- 6 || total
---------------------------+-------+-------++-------
  Melee: Unarmed           |   101 |    26 ||   127
         Tailslap          |    16 |       ||    16
         Punch             |     1 |       ||     1
    Use: Potion            |     3 |       ||     3
   Stab: Sleeping          |     2 |       ||     2
 Armour: Skin              |    97 |   100 ||   197
  Dodge: Dodged            |   107 |    11 ||   118

Levels and vault maps discovered:
D:1:      lightli_iron_boxes, layout_basic
D:2:      layout_basic, serial_bayou_lagoon_b

Notes
Turn   | Place    | Note
-------+----------+-------------------------------------------
     0 | D:1      | Jeffwins the Draconian Shapeshifter began the quest for the
                  | Orb.
     0 | D:1      | Reached XP level 1. HP: 16/16 MP: 1/1
    80 | D:1      | Reached XP level 2. HP: 23/23 MP: 2/2
   212 | D:1      | Reached skill level 2 in Dodging
   212 | D:1      | HP: 2/23 [endoplasm (1)]
   391 | D:1      | Reached XP level 3. HP: 28/28 MP: 3/3
   434 | D:1      | Reached skill level 1 in Stealth
   780 | D:2      | Gained mutation: You have hidden genetic defects. [potion
                  | of mutation]
   785 | D:2      | Reached skill level 2 in Fighting
   785 | D:2      | Reached XP level 4. HP: 36/36 MP: 1/4
   794 | D:2      | Gained mutation: You do not regenerate when monsters are
                  | visible. [hidden defects]
   811 | D:2      | Quit the game

Vanquished Creatures
  4 gnolls (D:2)
  An adder (D:2)
  A worm (D:2)
  3 dart slugs (D:1)
  2 bats (D:1)
  8 endoplasms
  5 goblins
  5 hobgoblins (D:1)
  3 jackals (D:2)
  3 quokkas (D:1)
  4 ball pythons
  3 frilled lizards
  6 kobolds
  3 rats
51 creatures vanquished.

Table legend: (Time is in decaauts)
 A = Elapsed time spent in this place.
 B = Non-inter-level travel time spent in this place.
 C = Inter-level travel time spent in this place.
 D = Time resting spent in this place.
 E = Time spent auto-exploring this place.
 F = Levels seen in this place.
 G = Mean time per level.
                   A        B        C        D        E       F      G
               +--------+--------+--------+--------+--------+-----+--------+
         Total |    811 |    803 |      8 |      0 |    562 |   2 |  405.5 |
       Dungeon |    811 |    803 |      8 |      0 |    562 |   2 |  405.5 |
               +--------+--------+--------+--------+--------+-----+--------+

Top non-repeatable levels by time:
     D:1: 657 daAuts
     D:2: 154 daAuts

Table legend:
 A = Non-vault XP
 B = Vault XP
 C = Vault XP percentage of total XP
 D = Non-vault monster count
 E = Vault monster count
 F = Vault count percentage of total count
                 A         B        C        D         E       F
            +---------+---------+-------+---------+---------+-------
      Total |     160 |       0 |   0.0 |      51 |       0 |   0.0
            +---------+---------+-------+---------+---------+-------
        D:1 |      58 |       0 |   0.0 |      30 |       0 |   0.0
        D:2 |     102 |       0 |   0.0 |      21 |       0 |   0.0
            +---------+---------+-------+---------+---------+-------
